[Event "AUT-ch 2018"]
[Site "Vienna"]
[Date "2018.07.24"]
[Round "4"]
[White "Schmidlechner, Alexander"]
[Black "Steiner, Adam"]
[Result "0-1"]
[ECO "A06"]
[WhiteElo "2226"]
[BlackElo "2174"]
[Annotator "NA"]
[PlyCount "134"]
[EventDate "2018.07.22"]
[EventType "swiss"]
[EventCountry "AUT"]
[SourceTitle "playchess.com"]
[Source "ChessBase"]
[SourceQuality "1"]
[TimeControl "40/5400+30:1800+30"]

1. Nf3 d5 2. e3 Nc6 3. b3 e5 4. Bb2 e4 5. Nd4 Nxd4 6. Bxd4 Nf6 7. Be2 Be7 8. d3 O-O 9. O-O Bf5 10. Nd2 Qd7 11. dxe4 dxe4 12. Nc4 Rad8 13. Qc1 c5 14. Bb2 Qe6 15. Rd1 Rxd1+ 16. Qxd1 Rd8 17. Qe1 b5 18. Nd2 Bd6 19. Bxb5 Bh3 20. Bf1 Qg4 21. Bxf6 gxf6 22. f4 exf3 23. Nxf3 Qh5 24. Rd1 Bg4 25. Rxd6 Rxd6 26. Qg3 Rd1 27. h3 f5 28. hxg4 Qxg4 29. Qxg4+ fxg4 30. Ne5 g3 31. Nd3 h5 32. Nxc5 Rd2 33. c4 Rxa2 34. b4 Kf8 35. b5 Ke7 36. Ne4 h4 37. Ng5 Rf2 38. c5 f6 39. Nh3 Rb2 40. Nf4 Kd7 41. Bd3 Ra2 42. Kf1 Kc7 43. Bf5 Kb8 44. Ke1 Rb2 45. Bd7 h3 46. Bxh3 Rxb5 47. Nd3 Kc7 48. Kd2 a5 49. Kc2 a4 50. Be6 a3 51. Bc4 Ra5 52. Kb1 Kc6 53. Ka2 Ra4 54. Bb3 Re4 55. Kxa3 Rxe3 56. Ba4+ Kd5 57. Bb5 f5 58. Kb4 Re4+ 59. Ka5 f4 60. c6 Kd6 61. Nc5 Re7 62. Kb6 f3 63. Ne4+ Rxe4 64. c7 fxg2 65. c8=Q g1=Q+ 66. Ka5 Qa7+ 67. Ba6 Qc5+ 0-1

[Event "AUT-ch 2018"]
[Site "Vienna"]
[Date "2018.07.24"]
[Round "4"]
[White "Khalakhan, Jurij"]
[Black "Feit, Florian"]
[Result "1-0"]
[ECO "C51"]
[WhiteElo "2215"]
[BlackElo "2012"]
[Annotator "NA"]
[PlyCount "117"]
[EventDate "2018.07.22"]
[EventType "swiss"]
[EventCountry "AUT"]
[SourceTitle "playchess.com"]
[Source "ChessBase"]
[SourceQuality "1"]
[TimeControl "40/5400+30:1800+30"]

1. e4 e5 2. Nf3 Nc6 3. Bc4 Bc5 4. b4 Bxb4 5. c3 Be7 6. d4 Na5 7. Be2 exd4 8. Qxd4 d5 9. O-O dxe4 10. Qxe4 Nf6 11. Qa4+ c6 12. Rd1 Bd7 13. Ne5 b5 14. Qf4 Qc7 15. Qg3 Be6 16. Bf4 Nd5 17. Rxd5 Bxd5 18. Nxf7 Bh4 19. Bxc7 Bxg3 20. fxg3 Kxf7 21. Bxa5 Rae8 22. Kf2 Re5 23. Nd2 Bxg2 24. Bc7 Re7 25. Bd6 Re6 26. Bc5 Bd5 27. Nb3 Rhe8 28. Re1 Rf6+ 29. Kg1 g6 30. Bd4 Rfe6 31. Kf2 Bxb3 32. axb3 a5 33. h4 Kf8 34. Bc5+ Kg7 35. Bd4+ Kh6 36. g4 g5 37. hxg5+ Kxg5 38. Kf3 Rf8+ 39. Kg3 Rfe8 40. Kf3 Re4 41. Bb6 a4 42. bxa4 bxa4 43. Bc5 Rf4+ 44. Kg3 Rxg4+ 45. Kf3 Rf4+ 46. Kg3 h5 47. Ba3 Rfe4 48. Bc1+ Re3+ 49. Kf2 Kf4 50. Rh1 a3 51. Rh4+ Kf5 52. Bxe3 Ra8 53. Rxh5+ Kg6 54. Rh1 Rf8+ 55. Bf3 Rb8 56. Bxc6 Rb2+ 57. Kf3 a2 58. Ra1 Rc2 59. Be4+ 1-0

[Event "AUT-ch 2018"]
[Site "Vienna"]
[Date "2018.07.24"]
[Round "4"]
[White "Windhager, Hannes"]
[Black "Thoma, Wilhelm Jun"]
[Result "1-0"]
[ECO "C18"]
[WhiteElo "2203"]
[BlackElo "2203"]
[Annotator "NA"]
[PlyCount "89"]
[EventDate "2018.07.22"]
[EventType "swiss"]
[EventCountry "AUT"]
[SourceTitle "playchess.com"]
[Source "ChessBase"]
[SourceQuality "1"]
[TimeControl "40/5400+30:1800+30"]

1. e4 e6 2. d4 d5 3. Nc3 Bb4 4. e5 Ne7 5. a3 Bxc3+ 6. bxc3 c5 7. Qg4 Qc7 8. Qxg7 Rg8 9. Qxh7 cxd4 10. Ne2 dxc3 11. f4 Nbc6 12. Qd3 d4 13. Nxd4 Nxd4 14. Qxd4 Bd7 15. Rb1 Nf5 16. Qb4 b6 17. a4 Qc6 18. Kf2 Rc8 19. Rg1 Qxa4 20. Qxa4 Bxa4 21. Bd3 Ne7 22. h4 Nd5 23. Ra1 b5 24. Be3 a5 25. Be4 Rc4 26. Kf3 Rxe4 27. Kxe4 Bxc2+ 28. Kd4 Rg3 29. Rge1 a4 30. Rac1 Rxg2 31. Kc5 b4 32. Ra1 Rg3 33. Bc1 Kf8 34. Re2 Bd3 35. Rf2 a3 36. f5 Kg8 37. Bxa3 bxa3 38. Rxa3 c2 39. Rxc2 Bxc2 40. Rxg3+ Kh8 41. f6 Nf4 42. Kd6 Bg6 43. Rg4 Nd3 44. Rxg6 fxg6 45. f7 1-0

[Event "AUT-ch 2018"]
[Site "Vienna"]
[Date "2018.07.24"]
[Round "4"]
[White "Polterauer, Chiara"]
[Black "Huber, Martin Christian"]
[Result "1/2-1/2"]
[ECO "C50"]
[WhiteElo "2169"]
[BlackElo "2374"]
[Annotator "NA"]
[PlyCount "62"]
[EventDate "2018.07.22"]
[EventType "swiss"]
[EventCountry "AUT"]
[SourceTitle "playchess.com"]
[Source "ChessBase"]
[SourceQuality "1"]
[TimeControl "40/5400+30:1800+30"]

1. e4 e5 2. Nf3 Nc6 3. Bc4 Nf6 4. d3 Bc5 5. c3 O-O 6. Nbd2 d5 7. exd5 Nxd5 8. Ne4 Be7 9. O-O Kh8 10. Re1 a6 11. Ng3 f6 12. a4 Be6 13. Ba2 Qe8 14. d4 Rd8 15. Qe2 Qf7 16. c4 Ndb4 17. d5 Nxa2 18. Rxa2 Bxd5 19. cxd5 Qxd5 20. Ra1 Bb4 21. Bd2 Bxd2 22. Red1 Nd4 23. Nxd4 Qxd4 24. Nf1 Qxb2 25. Nxd2 Rd4 26. Kf1 Rfd8 27. Nf3 Qxe2+ 28. Kxe2 Re4+ 29. Kf1 Rxd1+ 30. Rxd1 h5 31. Ra1 Kg8 1/2-1/2

[Event "AUT-ch 2018"]
[Site "Vienna"]
[Date "2018.07.24"]
[Round "4"]
[White "Zimmermann, Heinz"]
[Black "Ly, Dominik"]
[Result "0-1"]
[ECO "A04"]
[WhiteElo "2162"]
[BlackElo "2217"]
[Annotator "NA"]
[PlyCount "70"]
[EventDate "2018.07.22"]
[EventType "swiss"]
[EventCountry "AUT"]
[SourceTitle "playchess.com"]
[Source "ChessBase"]
[SourceQuality "1"]
[TimeControl "40/5400+30:1800+30"]

1. Nf3 c5 2. g3 Nc6 3. Bg2 g6 4. c3 e5 5. e4 Bg7 6. O-O Nge7 7. d3 O-O 8. Be3 b6 9. d4 d6 10. dxe5 dxe5 11. Qc2 h6 12. Rd1 Qc7 13. Na3 a6 14. b4 Na7 15. bxc5 bxc5 16. Nc4 Be6 17. Nfd2 Rfd8 18. Bf1 f5 19. f3 fxe4 20. fxe4 Nec6 21. Bxc5 Rab8 22. Nb3 Bf8 23. Rxd8 Qxd8 24. Rd1 Qc7 25. Bf2 Nb5 26. Nc5 Bxc5 27. Bxc5 Na5 28. Bd6 Nxd6 29. Rxd6 Bxc4 30. Bxc4+ Nxc4 31. Rxg6+ Kh7 32. Rxa6 Qc5+ 33. Kh1 Qe3 34. Qd1 Qxe4+ 35. Kg1 Rb1 0-1

[Event "AUT-ch 2018"]
[Site "Vienna"]
[Date "2018.07.24"]
[Round "4"]
[White "Jakits, Leopold"]
[Black "Sandhoefner, Florian"]
[Result "0-1"]
[ECO "A20"]
[WhiteElo "2161"]
[BlackElo "2327"]
[Annotator "NA"]
[PlyCount "90"]
[EventDate "2018.07.22"]
[EventType "swiss"]
[EventCountry "AUT"]
[SourceTitle "playchess.com"]
[Source "ChessBase"]
[SourceQuality "1"]
[TimeControl "40/5400+30:1800+30"]

1. c4 e5 2. g3 Nf6 3. Bg2 d5 4. cxd5 Nxd5 5. Nc3 Ne7 6. Nf3 Nbc6 7. O-O g6 8. Rb1 Bg7 9. b4 O-O 10. d3 h6 11. Bd2 Be6 12. Qa4 f5 13. Rfd1 a6 14. Qc2 Nd4 15. Nxd4 exd4 16. Na4 Bd5 17. Bxd5+ Nxd5 18. Nc5 Qc8 19. b5 axb5 20. Rxb5 b6 21. Qc4 Rd8 22. Nb3 Qe6 23. Nxd4 Bxd4 24. Qxd4 c5 25. Qa1 Qxe2 26. Bxh6 Rd7 27. a4 Kh7 28. Bg5 Rda7 29. Rb2 Qg4 30. Qc1 Rxa4 31. Rf1 f4 32. h4 Qh3 33. gxf4 Qg4+ 34. Kh2 Nxf4 35. f3 Qh3+ 36. Kg1 Qg3+ 37. Kh1 Ra1 38. Bxf4 Qh3+ 39. Rh2 Qxf1+ 40. Qxf1 Rxf1+ 41. Kg2 Rfa1 42. Kg3 R8a2 43. Rxa2 Rxa2 44. Bc7 b5 45. Kf4 b4 0-1

[Event "AUT-ch 2018"]
[Site "Vienna"]
[Date "2018.07.24"]
[Round "4"]
[White "Ager, Josef"]
[Black "Mostbauer, Florian"]
[Result "1/2-1/2"]
[ECO "A06"]
[WhiteElo "2154"]
[BlackElo "2319"]
[Annotator "NA"]
[PlyCount "96"]
[EventDate "2018.07.22"]
[EventType "swiss"]
[EventCountry "AUT"]
[SourceTitle "playchess.com"]
[Source "ChessBase"]
[SourceQuality "1"]
[TimeControl "40/5400+30:1800+30"]

1. Nf3 d5 2. g3 c6 3. Bg2 Bf5 4. c4 e6 5. O-O Nf6 6. d3 Be7 7. b3 h6 8. Ba3 O-O 9. Bxe7 Qxe7 10. Nc3 e5 11. cxd5 cxd5 12. d4 e4 13. Ne5 Nbd7 14. Nxd7 Qxd7 15. Qd2 Rfe8 16. e3 Bh3 17. Rfc1 Rac8 18. Ne2 Nh7 19. Bxh3 Qxh3 20. Nf4 Qf5 21. h4 g5 22. Ng2 Nf6 23. Kh2 Kg7 24. Rh1 Ng4+ 25. Kg1 Rc6 26. Rf1 Rec8 27. Ne1 Rc1 28. Kg2 R8c3 29. hxg5 hxg5 30. Rh5 Rxe1 31. Rxe1 Qf3+ 32. Kg1 Nxf2 33. Rh2 Qxg3+ 34. Rg2 Nh3+ 35. Kh1 Qc7 36. Qe2 Rc6 37. Rh2 Rh6 38. Qg2 Qc3 39. Qg3 Qc8 40. Rf1 Qe6 41. Kg2 g4 42. Qe5+ Qxe5 43. dxe5 Rh5 44. Kg3 Rxe5 45. Kxg4 Ng5 46. Rf5 Nf3 47. Rc2 Kg6 48. Rxe5 Nxe5+ 1/2-1/2

[Event "AUT-ch 2018"]
[Site "Vienna"]
[Date "2018.07.24"]
[Round "4"]
[White "Trippold, Denise"]
[Black "Kummer, Helmut"]
[Result "0-1"]
[ECO "E18"]
[WhiteElo "2138"]
[BlackElo "2290"]
[Annotator "NA"]
[PlyCount "84"]
[EventDate "2018.07.22"]
[EventType "swiss"]
[EventCountry "AUT"]
[SourceTitle "playchess.com"]
[Source "ChessBase"]
[SourceQuality "1"]
[TimeControl "40/5400+30:1800+30"]

1. d4 Nf6 2. c4 e6 3. Nf3 b6 4. g3 Bb7 5. Bg2 Be7 6. O-O O-O 7. Nc3 Ne4 8. Bd2 d6 9. d5 Nxd2 10. Qxd2 e5 11. e4 Nd7 12. b4 g6 13. Ne1 Bg5 14. Qe2 Bh6 15. Nd3 Qe7 16. Rae1 f5 17. c5 bxc5 18. bxc5 Ba6 19. cxd6 cxd6 20. Qc2 Rac8 21. Rb1 Nc5 22. Nb4 Bxf1 23. Kxf1 fxe4 24. Nc6 Qf6 25. Nxe4 Nxe4 26. Bxe4 Rc7 27. a4 Be3 28. f3 g5 29. h3 h5 30. Kg2 Kg7 31. Qe2 Bc5 32. a5 g4 33. hxg4 hxg4 34. Rf1 gxf3+ 35. Bxf3 Rcf7 36. Qe4 Qg6 37. Qxg6+ Kxg6 38. Be4+ Kg5 39. Rf3 Kg4 40. Rxf7 Rxf7 41. Nd8 Rf2+ 42. Kh1 Kxg3 0-1

[Event "AUT-ch 2018"]
[Site "Vienna"]
[Date "2018.07.24"]
[Round "4"]
[White "Hapala, Elisabeth"]
[Black "Sadilek, Peter"]
[Result "0-1"]
[ECO "B00"]
[WhiteElo "2131"]
[BlackElo "2268"]
[Annotator "NA"]
[PlyCount "54"]
[EventDate "2018.07.22"]
[EventType "swiss"]
[EventCountry "AUT"]
[SourceTitle "playchess.com"]
[Source "ChessBase"]
[SourceQuality "1"]
[TimeControl "40/5400+30:1800+30"]

1. e4 Nc6 2. Nf3 d6 3. d4 Nf6 4. Nc3 g6 5. d5 Nb8 6. Be3 Bg7 7. Qd2 O-O 8. h3 c6 9. O-O-O b5 10. dxc6 b4 11. Nd5 Nxc6 12. Nxf6+ Bxf6 13. Bc4 Qc7 14. Bd5 Rb8 15. Bg5 Bh8 16. Bxc6 Qxc6 17. Bxe7 Qa6 18. Bxf8 Bxb2+ 19. Kxb2 Qa3+ 20. Kb1 Be6 21. Qd5 Bxd5 22. Rxd5 Kxf8 23. Rhd1 Rb6 24. e5 Ra6 25. exd6 Qxa2+ 26. Kc1 b3 27. Kd2 bxc2 0-1

[Event "AUT-ch 2018"]
[Site "Vienna"]
[Date "2018.07.24"]
[Round "4"]
[White "Froewis, Annika"]
[Black "Schloffer, Jasmin-Denise"]
[Result "0-1"]
[ECO "C54"]
[WhiteElo "2128"]
[BlackElo "2102"]
[Annotator "NA"]
[PlyCount "116"]
[EventDate "2018.07.22"]
[EventType "swiss"]
[EventCountry "AUT"]
[SourceTitle "playchess.com"]
[Source "ChessBase"]
[SourceQuality "1"]
[TimeControl "40/5400+30:1800+30"]

1. e4 e5 2. Nf3 Nc6 3. Bc4 Bc5 4. c3 Nf6 5. d4 exd4 6. e5 d5 7. Be2 Ne4 8. cxd4 Bb4+ 9. Bd2 Nxd2 10. Nbxd2 O-O 11. O-O f6 12. Rc1 Kh8 13. a3 Bxd2 14. Qxd2 Bg4 15. Rcd1 Qe7 16. exf6 Qxf6 17. Ne5 Bxe2 18. Qxe2 Nxe5 19. dxe5 Qe6 20. f4 c6 21. Rd3 Rae8 22. Rh3 Rf7 23. Qf2 b6 24. Qh4 g6 25. g4 c5 26. Qg5 Rg8 27. Rhf3 d4 28. h3 b5 29. Qh4 c4 30. Qf2 d3 31. Qe3 Re8 32. Re1 a6 33. Rf2 Ref8 34. Qd4 Rd7 35. Qc3 Rdf7 36. Qd4 h6 37. Kh2 Rd7 38. Qc3 Kh7 39. Qd2 Re7 40. Qe3 Ref7 41. Rg1 Re7 42. Re1 Rfe8 43. Qg3 Qd5 44. h4 Kg7 45. Qf3 Qxf3 46. Rxf3 g5 47. hxg5 hxg5 48. Kg3 gxf4+ 49. Kxf4 Rf7+ 50. Kg3 Rxf3+ 51. Kxf3 Kg6 52. Ke4 Rd8 53. Rd1 Kg5 54. b3 d2 55. bxc4 bxc4 56. e6 Kf6 57. g5+ Kxe6 58. Ke3 c3 {[%emt 0:00:00] Kd4 Ke5+} 0-1

[Event "AUT-ch 2018"]
[Site "Vienna"]
[Date "2018.07.24"]
[Round "4"]
[White "Toelly, Michael"]
[Black "Gutmann, Alois"]
[Result "1-0"]
[ECO "A87"]
[WhiteElo "2127"]
[BlackElo "2062"]
[Annotator "NA"]
[PlyCount "59"]
[EventDate "2018.07.22"]
[EventType "swiss"]
[EventCountry "AUT"]
[SourceTitle "playchess.com"]
[Source "ChessBase"]
[SourceQuality "1"]
[TimeControl "40/5400+30:1800+30"]

1. c4 f5 2. d4 Nf6 3. g3 g6 4. Bg2 Bg7 5. Nf3 d6 6. Nc3 O-O 7. O-O Qe8 8. d5 e5 9. dxe6 Bxe6 10. Nd4 Bc8 11. Bf4 Na6 12. Ndb5 Kh8 13. c5 g5 14. Bxg5 dxc5 15. Qd2 Ne4 16. Nxe4 Qxb5 17. Be7 fxe4 18. Bxf8 Bxf8 19. Qd8 Kg7 20. Qg5+ Kf7 21. Bxe4 Be6 22. Bxh7 Ke8 23. Rad1 Bd6 24. Qg7 Rb8 25. e4 Bf7 26. Rfe1 c4 27. e5 Bf8 28. Qg4 Nb4 29. e6 Bh5 30. Bg6+ 1-0

[Event "AUT-ch 2018"]
[Site "Vienna"]
[Date "2018.07.24"]
[Round "4"]
[White "Hupfer, Robert"]
[Black "Niedersberger, Andreas"]
[Result "1/2-1/2"]
[ECO "D47"]
[WhiteElo "2122"]
[BlackElo "2058"]
[Annotator "NA"]
[PlyCount "63"]
[EventDate "2018.07.22"]
[EventType "swiss"]
[EventCountry "AUT"]
[SourceTitle "playchess.com"]
[Source "ChessBase"]
[SourceQuality "1"]
[TimeControl "40/5400+30:1800+30"]

1. d4 d5 2. c4 c6 3. e3 Nf6 4. Nc3 e6 5. Nf3 Nbd7 6. Bd3 dxc4 7. Bxc4 b5 8. Bd3 Bb7 9. O-O b4 10. Ne4 c5 11. Nxf6+ Qxf6 12. Ne5 cxd4 13. Nxd7 Kxd7 14. Qa4+ Bc6 15. Bb5 e5 16. exd4 exd4 17. Rd1 Bc5 18. Be3 Qg6 19. Bxc6+ Qxc6 20. Qb3 Ke7 21. Bxd4 Bxd4 22. Rxd4 a5 23. Re1+ Kf8 24. Qd3 g6 25. Rd6 Qc5 26. Rd5 Qb6 27. Rb5 Qf6 28. Qd5 Kg7 29. g3 Rhd8 30. Qe5 Qxe5 31. Rexe5 Rd2 32. Rxa5 1/2-1/2

[Event "AUT-ch 2018"]
[Site "Vienna"]
[Date "2018.07.24"]
[Round "4"]
[White "Zojer, Stefan"]
[Black "Newrkla, Katharina"]
[Result "0-1"]
[ECO "A46"]
[WhiteElo "2108"]
[BlackElo "2175"]
[Annotator "NA"]
[PlyCount "76"]
[EventDate "2018.07.22"]
[EventType "swiss"]
[EventCountry "AUT"]
[SourceTitle "playchess.com"]
[Source "ChessBase"]
[SourceQuality "1"]
[TimeControl "40/5400+30:1800+30"]

1. d4 Nf6 2. Nf3 c5 3. e3 g6 4. dxc5 Qa5+ 5. Nbd2 Bg7 6. a3 Qxc5 7. c4 Qc7 8. Be2 d6 9. O-O O-O 10. Nd4 a6 11. b4 Nc6 12. Bb2 Bd7 13. Rc1 Rfc8 14. Nb1 Qd8 15. Nc3 h5 16. Qb3 Bg4 17. Nf3 e5 18. h3 Bf5 19. Rfd1 Qe7 20. Na4 Nd7 21. Rd2 e4 22. Nd4 Nxd4 23. Bxd4 b5 24. Nc3 bxc4 25. Bxc4 Bxd4 26. Rxd4 Ne5 27. Rcd1 Qg5 28. Nxe4 Nf3+ 29. Kh1 Nxd4 30. Bxf7+ Kg7 31. Qd5 Qe7 32. Qxd4+ Kxf7 33. Nxd6+ Kg8 34. g4 hxg4 35. hxg4 Qh4+ 36. Kg2 Qxg4+ 37. Qxg4 Bxg4 38. Rd4 Rd8 0-1

[Event "AUT-ch 2018"]
[Site "Vienna"]
[Date "2018.07.24"]
[Round "4"]
[White "Pacher, Simon"]
[Black "Gerhold, Michael"]
[Result "1/2-1/2"]
[ECO "B40"]
[WhiteElo "2097"]
[BlackElo "2254"]
[Annotator "NA"]
[PlyCount "78"]
[EventDate "2018.07.22"]
[EventType "swiss"]
[EventCountry "AUT"]
[SourceTitle "playchess.com"]
[Source "ChessBase"]
[SourceQuality "1"]
[TimeControl "40/5400+30:1800+30"]

1. e4 c5 2. Nf3 e6 3. c3 d5 4. exd5 exd5 5. d4 Nc6 6. Be2 Nf6 7. Bg5 cxd4 8. Nxd4 Bc5 9. O-O O-O 10. Nb3 Bb6 11. Bxf6 Qxf6 12. Qxd5 Re8 13. Qf3 Qh6 14. N1d2 Ne5 15. Qh5 Qf6 16. Ne4 Qc6 17. Nbd2 Bd7 18. Kh1 f5 19. f4 fxe4 20. fxe5 g6 21. Qg5 Bc7 22. Rf6 Bd8 23. Raf1 Bxf6 24. Rxf6 Be6 25. Bc4 Qd7 26. Nxe4 Bxc4 27. Rxg6+ hxg6 28. Nf6+ Kg7 29. Nxd7 Rad8 30. Qf6+ Kh6 31. Qh4+ Kg7 32. Qf6+ Kh6 33. Qh4+ Kg7 34. Qxc4 Rxd7 35. Qg4 Rd5 36. h3 Rexe5 37. Qb4 b6 38. c4 Rd1+ 39. Kh2 Re2 1/2-1/2

[Event "AUT-ch 2018"]
[Site "Vienna"]
[Date "2018.07.24"]
[Round "4"]
[White "Mayrhuber, Nikola"]
[Black "Sadilek, Maximilian"]
[Result "0-1"]
[ECO "A41"]
[WhiteElo "2046"]
[BlackElo "2224"]
[Annotator "NA"]
[PlyCount "74"]
[EventDate "2018.07.22"]
[EventType "swiss"]
[EventCountry "AUT"]
[SourceTitle "playchess.com"]
[Source "ChessBase"]
[SourceQuality "1"]
[TimeControl "40/5400+30:1800+30"]

1. d4 d6 2. c4 g6 3. Nf3 Bg7 4. e4 Nd7 5. Nc3 e5 6. Be2 Ne7 7. h4 h6 8. h5 g5 9. d5 f5 10. g4 fxg4 11. Nh2 Nf6 12. Nxg4 Nxg4 13. Bxg4 O-O 14. Be3 c6 15. Qe2 b5 16. dxc6 b4 17. Nd5 Nxc6 18. Bxc8 Rxc8 19. O-O-O Nd4 20. Bxd4 exd4 21. b3 a5 22. Qg4 a4 23. Qxc8 Qxc8 24. Ne7+ Kf7 25. Nxc8 Rxc8 26. Kc2 Ke6 27. f4 gxf4 28. Rhg1 Be5 29. Rg6+ Kd7 30. Rxh6 Ra8 31. Rd3 axb3+ 32. Rxb3 Rxa2+ 33. Kb1 Rh2 34. Rxb4 d3 35. Rh7+ Kc6 36. Rb3 Rh1+ 37. Ka2 Ra1# 0-1

[Event "AUT-ch 2018"]
[Site "Vienna"]
[Date "2018.07.24"]
[Round "4"]
[White "Zanon, Magnus"]
[Black "Morgunov, Marc"]
[Result "0-1"]
[ECO "A45"]
[WhiteElo "2022"]
[BlackElo "2362"]
[Annotator "NA"]
[PlyCount "54"]
[EventDate "2018.07.22"]
[EventType "swiss"]
[EventCountry "AUT"]
[SourceTitle "playchess.com"]
[Source "ChessBase"]
[SourceQuality "1"]
[TimeControl "40/5400+30:1800+30"]

1. d4 Nf6 2. Bg5 Ne4 3. Bf4 d5 4. e3 Nd7 5. Bd3 g5 6. Bxe4 gxf4 7. Bxd5 fxe3 8. Bxf7+ Kxf7 9. Qh5+ Kg8 10. Qd5+ e6 11. Qxe6+ Kg7 12. Qg4+ Kh6 13. fxe3 Rg8 14. Qf4+ Kg7 15. Nd2 Bd6 16. Qf2 Nf6 17. O-O-O Qe7 18. Re1 Ne4 19. Nxe4 Qxe4 20. Nf3 Rf8 21. Qh4 Qxh4 22. Nxh4 Bg4 23. h3 Bd7 24. Nf3 Rae8 25. e4 Bg3 26. Re3 Bf4 27. Kd2 Rxe4 0-1

[Event "AUT-ch 2018"]
[Site "Vienna"]
[Date "2018.07.24"]
[Round "4"]
[White "Tauber, Andreas"]
[Black "Knoll, Hermann"]
[Result "0-1"]
[ECO "A15"]
[WhiteElo "1993"]
[BlackElo "2338"]
[Annotator "NA"]
[PlyCount "170"]
[EventDate "2018.07.22"]
[EventType "swiss"]
[EventCountry "AUT"]
[SourceTitle "playchess.com"]
[Source "ChessBase"]
[SourceQuality "1"]
[TimeControl "40/5400+30:1800+30"]

1. c4 Nf6 2. g3 g6 3. Bg2 Bg7 4. e4 d6 5. Ne2 c5 6. Nbc3 Nc6 7. d4 cxd4 8. Nxd4 Bd7 9. Nde2 O-O 10. O-O Rc8 11. b3 Re8 12. h3 a6 13. Be3 Na5 14. Rc1 b5 15. cxb5 axb5 16. Nd4 b4 17. Nd5 e5 18. Nc2 Nxd5 19. Qxd5 Be6 20. Qd2 Bxb3 21. axb3 Nxb3 22. Qxb4 Nxc1 23. Rxc1 Rb8 24. Qc3 Qc8 25. Qd3 Qe6 26. Rd1 Rec8 27. Ne1 Bf8 28. Kh2 Qa2 29. Nf3 Rc2 30. Qd5 Qxd5 31. Rxd5 Be7 32. g4 f6 33. h4 Kf7 34. Bh3 Ke6 35. h5 Rb4 36. hxg6 hxg6 37. Rd2 Rcc4 38. g5+ f5 39. Nh4 Rxe4 40. Nxg6 Rxe3 41. Bxf5+ Kxf5 42. Nxe7+ Ke6 43. Nd5 Rh4+ 44. Kg2 Rg4+ 45. Kf1 Rb3 46. Nf6 Rb1+ 47. Ke2 Rgg1 48. Ne8 e4 49. Ke3 Rxg5 50. Nxd6 Re1+ 51. Kf4 Re5 52. Rd4 Re2 53. Nxe4 Rf5+ 54. Kg4 Rf8 55. f4 Rg2+ 56. Kf3 Rg1 57. Ke3 Re1+ 58. Kd2 Ra1 59. Nc5+ Kf5 60. Nd3 Ra2+ 61. Ke3 Kg4 62. Nf2+ Kh4 63. Nd3 Kg3 64. Rd7 Rg8 65. Ke4 Re2+ 66. Kd4 Kf3 67. Kd5 Re3 68. Ne5+ Kxf4 69. Rf7+ Kg3 70. Nd7 Rg5+ 71. Kd6 Rg6+ 72. Kd5 Ra3 73. Kd4 Ra4+ 74. Ke5 Ra5+ 75. Kd4 Rg4+ 76. Ke3 Ra3+ 77. Ke2 Re4+ 78. Kd2 Rh4 79. Rg7+ Kf4 80. Rf7+ Kg5 81. Kc2 Rh2+ 82. Kb1 Rd3 83. Kc1 Rd5 84. Rg7+ Kf5 85. Nb6 Rc5+ 0-1

[Event "AUT-ch 2018"]
[Site "Vienna"]
[Date "2018.07.24"]
[Round "4"]
[White "Kersten, Julian"]
[Black "Peyrer, Konstantin"]
[Result "0-1"]
[ECO "A45"]
[WhiteElo "1979"]
[BlackElo "2209"]
[Annotator "NA"]
[PlyCount "76"]
[EventDate "2018.07.22"]
[EventType "swiss"]
[EventCountry "AUT"]
[SourceTitle "playchess.com"]
[Source "ChessBase"]
[SourceQuality "1"]
[TimeControl "40/5400+30:1800+30"]

1. d4 Nf6 2. Bg5 d5 3. Bxf6 gxf6 4. c4 c6 5. g3 e6 6. Bg2 Nd7 7. cxd5 exd5 8. Nf3 f5 9. e3 Nf6 10. O-O Bd6 11. Nc3 Be6 12. a3 h5 13. h4 Ne4 14. Rc1 Qe7 15. Qa4 O-O 16. Ne2 Kh7 17. Qd1 f6 18. Ne1 Bf7 19. Nd3 Rg8 20. Kh2 Rg7 21. Nef4 Kh6 22. Qe2 Rag8 23. Bh3 a6 24. Bxf5 Rxg3 25. fxg3 Nxg3 26. Qf3 Nxf5 27. Rg1 Rxg1 28. Rxg1 Nxe3 29. Re1 Ng4+ 30. Kh1 Qd7 31. Nf2 Qf5 32. N2d3 b6 33. b4 Bb8 34. Rf1 Qe4 35. Qxe4 dxe4 36. Nb2 e3 37. Kg2 a5 38. Ne2 Bd5+ 0-1

[Event "AUT-ch 2018"]
[Site "Vienna"]
[Date "2018.07.24"]
[Round "4"]
[White "Wu, Min"]
[Black "Ehs, Dominik"]
[Result "0-1"]
[ECO "A80"]
[WhiteElo "1944"]
[BlackElo "2097"]
[Annotator "NA"]
[PlyCount "116"]
[EventDate "2018.07.22"]
[EventType "swiss"]
[EventCountry "AUT"]
[SourceTitle "playchess.com"]
[Source "ChessBase"]
[SourceQuality "1"]
[TimeControl "40/5400+30:1800+30"]

1. d4 f5 2. Nf3 Nf6 3. g3 g6 4. b3 Bg7 5. Bb2 O-O 6. Bg2 d6 7. c4 e6 8. O-O Nbd7 9. Qc2 Ne4 10. Nbd2 Ndf6 11. Rac1 c6 12. Ne1 Nxd2 13. Qxd2 Ne4 14. Qc2 d5 15. Nf3 Bh6 16. e3 g5 17. Ne5 Nd6 18. Ba3 Rf6 19. Bxd6 Qxd6 20. f3 Bd7 21. Rce1 Be8 22. c5 Qd8 23. Qc3 Bg7 24. Qd2 Rf8 25. Rf2 Qe7 26. Qc1 Rd8 27. Bf1 Bh5 28. f4 Bxe5 29. fxe5 Rf7 30. Bd3 Rdf8 31. Ref1 Kh8 32. Qd2 Bg6 33. h3 Bh5 34. Kg2 Rg7 35. a4 Bg6 36. Rg1 a6 37. b4 Rgf7 38. Rgf1 Kg7 39. Kh2 h5 40. Qc2 Kh6 41. Kg2 Bh7 42. Qd2 Kg7 43. Kh2 Kg8 44. Qe2 Bg6 45. Qd2 Rh7 46. Qc2 Qg7 47. Qd2 Qh6 48. Kg2 Rhf7 49. Kh2 Kh8 50. Kg2 h4 51. g4 fxg4 52. hxg4 h3+ 53. Kg1 Rxf2 54. Rxf2 Rxf2 55. Qxf2 h2+ 56. Kh1 Bxd3 57. Qxh2 Qh4 58. a5 Be2 0-1

[Event "AUT-ch 2018"]
[Site "Vienna"]
[Date "2018.07.24"]
[Round "4"]
[White "Konecny, Sophie"]
[Black "Jedinger, Andreas"]
[Result "1/2-1/2"]
[ECO "E97"]
[WhiteElo "1889"]
[BlackElo "2090"]
[Annotator "NA"]
[PlyCount "68"]
[EventDate "2018.07.22"]
[EventType "swiss"]
[EventCountry "AUT"]
[SourceTitle "playchess.com"]
[Source "ChessBase"]
[SourceQuality "1"]
[TimeControl "40/5400+30:1800+30"]

1. d4 Nf6 2. c4 g6 3. Nf3 Bg7 4. Nc3 O-O 5. e4 d6 6. Be2 e5 7. O-O Nc6 8. dxe5 dxe5 9. Bg5 Qxd1 10. Rfxd1 Bg4 11. h3 Bxf3 12. Bxf3 Nd4 13. Nd5 Nxd5 14. cxd5 f5 15. Rac1 Rf7 16. Be3 fxe4 17. Bg4 Nf5 18. Rc4 h5 19. Be2 Nd4 20. Bf1 Rd8 21. Rdc1 Rxd5 22. Rxc7 Rdd7 23. Rc8+ Kh7 24. Bc4 Rf8 25. Bf1 Rxc8 26. Rxc8 Bf6 27. Rc4 a6 28. Kh2 Kg7 29. b3 Kf7 30. Rc8 Bd8 31. Bc4+ Kg7 32. Rc5 Nf5 33. Rd5 Rxd5 34. Bxd5 Nxe3 1/2-1/2

[Event "AUT-ch 2018"]
[Site "Vienna"]
[Date "2018.07.24"]
[Round "4"]
[White "Tschida, Verena"]
[Black "Hatzl, Johannes"]
[Result "0-1"]
[ECO "D37"]
[WhiteElo "1610"]
[BlackElo "2068"]
[Annotator "NA"]
[PlyCount "144"]
[EventDate "2018.07.22"]
[EventType "swiss"]
[EventCountry "AUT"]
[SourceTitle "playchess.com"]
[Source "ChessBase"]
[SourceQuality "1"]
[TimeControl "40/5400+30:1800+30"]

1. d4 Nf6 2. c4 e6 3. Nf3 d5 4. Nc3 Be7 5. e3 O-O 6. Bd2 b6 7. Rc1 Bb7 8. Be2 Nbd7 9. O-O c5 10. b3 Rc8 11. cxd5 exd5 12. Rc2 Re8 13. Bc1 Qc7 14. Nb5 Qb8 15. Bb2 a6 16. Nc3 Red8 17. Nb1 Bd6 18. h3 Ne4 19. Nbd2 Ndf6 20. Nxe4 Nxe4 21. dxc5 bxc5 22. Qa1 f6 23. Rd1 Be7 24. Nd2 Nxd2 25. Rcxd2 Qd6 26. Bf3 Qe6 27. Qb1 Rb8 28. Bg4 Qf7 29. Qf5 Bc8 30. Qd3 Bxg4 31. hxg4 Qe6 32. Qf5 Qxf5 33. gxf5 c4 34. bxc4 dxc4 35. Rxd8+ Rxd8 36. Rxd8+ Bxd8 37. Kf1 Kf7 38. Ke2 Ke7 39. Ba3+ Kd7 40. Bf8 g6 41. fxg6 hxg6 42. Kd2 Ba5+ 43. Kc2 Ke6 44. f3 Kd5 45. Be7 f5 46. Bf6 Bb6 47. Kd2 Bc7 48. Bc3 Bd6 49. Ke2 g5 50. Kd2 g4 51. Ke2 Be7 52. Kd2 Ba3 53. Kc2 Bc5 54. Kd2 Bb6 55. Ke2 Bc7 56. Kd2 Ke6 57. Ke2 gxf3+ 58. gxf3 Kd5 59. Kd2 Kc5 60. e4 Bf4+ 61. Kc2 fxe4 62. fxe4 Bc7 63. Kd2 Kb5 64. Kc2 Ka4 65. Kb2 Bd6 66. e5 Be7 67. e6 Kb5 68. Bd4 Kc6 69. Kc3 Kd5 70. a4 a5 71. Bf6 Bxf6+ 72. Kc2 Kxe6 0-1